 Dungeon Crawl Stone Soup version 0.29.0-4-gdea44cf6ec (webtiles) character file.

Game seed: 13449184221741500104

3533 qw the Cleaver (level 10, -2/63 HPs)
             Began as a Gargoyle Fighter on Sept 9, 2022.
             Was a Believer of Okawaru.
             Slain by Gastronok (14 damage)
             ... on level 8 of the Dungeon.
             The game lasted 00:03:01 (7940 turns).

qw the Cleaver (Gargoyle Fighter)                   Turns: 7940, Time: 00:03:02

Health: -2/63      AC: 26    Str: 23    XL:     10   Next: 8%
Magic:  12/13      EV:  8    Int:  8    God:    Okawaru [**....]
Gold:   315        SH:  6    Dex: 10    Spells: 9/9 levels left

rFire   . . .      SeeInvis +   Y - +1 broad axe
rCold   + . .      Faith    .   c - +0 buckler
rNeg    + + .      Spirit   .   h - +1 plate armour
rPois   inf        Reflect  .   (no helmet)
rElec   +          Harm     .   g - +2 ratskin cloak {*Rats rPois rN+ Str-1 Int-1 Dex+1}
rCorr   .          Rampage  .   (no gloves)
Will    .....                   (no boots)
Stlth   ..........              (no amulet)
HPRegen 0.20/turn               f - ring of see invisible
MPRegen 0.13/turn               m - ring of protection from cold

@: heroic
A: sickness immunity, AC +7, negative energy resistance 1, electricity
resistance, torment resistance 1, petrification resistance
a: Renounce Religion, Heroism


You were on level 8 of the Dungeon.
You worshipped Okawaru.
Okawaru was pleased with you.
You visited 2 branches of the dungeon, and saw 9 of its levels.

You collected 405 gold pieces.
You spent 90 gold pieces at shops.


Innate Abilities, Weirdness & Mutations

You are immune to sickness and miasma.
Your stone body is resilient. (AC +7)
You are immune to poison.
You resist negative energy. (rN+)
You are resistant to electric shocks. (rElec)
You are resistant to unholy torment.
You are immune to petrification.


   Skills:
 - Level 7.1(12.1) Fighting
 + Level 9.9(14.9) Axes
 - Level 2.2(7.2) Throwing
 - Level 6.0(11.0) Armour
 - Level 1.2(6.2) Dodging
 - Level 4.2(9.2) Shields
 - Level 4.0 Invocations


You had 9 spell levels left.
You didn't know any spells.
Your spell library was empty.

Inventory:

Hand Weapons
 n - a +0 morningstar
 Y - a +1 broad axe (weapon)
Armour
 c - a +0 buckler (worn)
 g - the +2 ratskin cloak (worn) {*Rats rPois rN+ Str-1 Int-1 Dex+1}
   (You found it on level 7 of the Dungeon)

   When the wearer is hurt, rats may emerge from it to assist them.
   Str:       It affects your strength (-1).
   Int:       It affects your intelligence (-1).
   Dex:       It affects your dexterity (+1).
   rPois:     It protects you from poison.
   rN:        It protects you from negative energy.
 h - a +1 plate armour (worn)
Jewellery
 b - a ring of ice
 f - a ring of see invisible (left hand)
 m - a ring of protection from cold (right hand)
Scrolls
 a - 6 scrolls of identify
 e - a scroll of fog
 r - a scroll of blinking
Potions
 d - 3 potions of might
 i - a potion of magic
 j - a potion of haste
 k - a potion of mutation
 l - 2 potions of curing

Dungeon Overview and Level Annotations

Branches:
Dungeon (8/15)             Temple (1/1) D:4
   Lair: D:8-11

Altars:
Ashenzari
Cheibriados
Elyvilon
Fedhas
Gozag
Hepliaklqana
Kikubaaqudgha
Makhleb
Nemelex Xobeh
Okawaru
Qazlal
Ru
Uskayaw
Vehumet
Xom
Yredelemnul
Zin
The Shining One

Shops:
D:7 (

Annotations:
D:8 Gastronok


Message History

You slice Gastronok!!
Gastronok is lightly wounded.
You hit Gastronok.
Gastronok is lightly wounded.
Gastronok bites you!!
You slice Gastronok!!
Gastronok is moderately wounded.
You hit Gastronok.
Gastronok is moderately wounded.
Gastronok's eyestalks quiver as he mumbles some strange words.
You slash Gastronok!
Gastronok is moderately wounded.
You completely miss the bat. You slash the bat!
You kill the bat!
The bat's corpse disappears in a puff of smoke!
You block the bat's attack.
You barely miss Gastronok.
Gastronok is moderately wounded.
The bat closely misses you. Gastronok bites you!!
You slice Gastronok!!
Gastronok is heavily wounded.
You slash the river rat! You slash the bat!
You kill the bat!
The bat's corpse disappears in a puff of smoke!
The river rat bites you but does no damage.
You slash the river rat!
You kill the river rat!
The river rat's corpse disappears in a puff of smoke!
You slash Gastronok! You hit Gastronok but do no damage.
Gastronok is heavily wounded.
Gastronok waves his eye-stalks in wide circles.
The air twists around and strikes you!
You slash Gastronok!
Gastronok is severely wounded.
You slice Gastronok!!
Gastronok is severely wounded.
Gastronok gurgles.
Gastronok bites you!
You die...

#..###
.....#####
#.....#...
#...[.....
#.......
###.....#
#.#.w...# .
#...@####....
###......#
##.###.#
#.##.. #.##.#
.#####.##.#
..#.....#.#
#.........#
###...<..##


You could see Gastronok.

Vanquished Creatures
  A hornet (D:7)
  A troll (D:7)
  Sigmund (D:2)
  A shadow (D:8)
  A vampire (D:7)
  2 ice beasts
  A black bear (D:5)
  2 sky beasts
  4 ogres
  A centaur (D:5)
  A phantom (D:4)
  2 bullfrogs
  8 scorpions
  A necrophage (D:6)
  5 killer bees (D:7)
  A howler monkey (D:6)
  2 jellies
  An orc priest (D:5)
  3 hounds
  Jessica (D:3)
  8 hell rats (D:7)
  3 iguanas
  2 orc wizards (D:6)
  A gnoll (D:1)
  6 adders
  11 river rats (D:7)
  2 ufetubi
  5 worms
  21 orcs
  2 ball pythons
  8 endoplasms
  3 giant cockroaches
  7 goblins
  4 hobgoblins
  10 kobolds
  3 quokkas
  7 bats
  5 frilled lizards
  4 rats
152 creatures vanquished.

Notes
Turn   | Place    | Note
-------+----------+-------------------------------------------
     0 | D:1      | qw the Gargoyle Fighter began the quest for the Orb.
     0 | D:1      | Reached XP level 1. HP: 14/14 MP: 1/1
     0 | D:1      | 0 ||| qw: Version: 0.1-a-113-g051387a
     0 | D:1      | 0 ||| qw: Game counter: 7000
     0 | D:1      | 0 ||| qw: Always use a shield: true
     0 | D:1      | 0 ||| qw: God list: Okawaru
     0 | D:1      | 0 ||| qw: Allow faded altars: false
     0 | D:1      | 0 ||| qw: Do Orc after D:15 true
     0 | D:1      | 0 ||| qw: Do second Lair branch before Depths: true
     0 | D:1      | 0 ||| qw: Lair rune preference: random
     0 | D:1      | 0 ||| qw: Plans: Normal, Zot, God:TSO, Crypt, Tomb, Zig,
                  | Orb
     0 | D:1      | 0 ||| PLANNING D:1-11
    13 | D:1      | Reached skill level 2 in Axes
   160 | D:1      | Reached XP level 2. HP: 19/19 MP: 2/2
   297 | D:1      | 297 ||| Stepping ~*~*~tactically~*~*~ (stealth).
   301 | D:1      | 301 ||| Stepping ~*~*~tactically~*~*~ (stealth).
   443 | D:1      | Reached skill level 3 in Axes
   443 | D:1      | Reached XP level 3. HP: 8/23 MP: 3/3
   654 | D:1      | 654 ||| DROPPING +0 whip.
   855 | D:1      | HP: 4/23 [frozen (3)]
  1237 | D:1      | 1237 ||| UPGRADING to ring of see invisible.
  1238 | D:1      | 1238 ||| READING 5 scrolls labelled DEVVEG OGATUMA.
  1239 | D:1      | 1239 ||| READING scroll labelled QIUJE MIMEOPHAASK.
  1240 | D:1      | 1240 ||| DRINKING 2 dark potions.
  1241 | D:1      | 1241 ||| DROPPING potion of brilliance.
  1649 | D:2      | Reached XP level 4. HP: 28/28 MP: 4/4
  1654 | D:2      | Found a faded altar of an unknown god.
  1738 | D:2      | Noticed Sigmund
  1739 | D:2      | 1739 ||| Stepping ~*~*~tactically~*~*~ (hiding).
  1748 | D:2      | Killed Sigmund
  1749 | D:2      | Reached skill level 5 in Axes
  1749 | D:2      | Reached XP level 5. HP: 18/32 MP: 5/5
  1749 | D:2      | Reached XP level 6. HP: 20/37 MP: 6/6
  1990 | D:2      | 1990 ||| UPGRADING to +0 plate armour.
  2000 | D:2      | 2000 ||| DROPPING +0 scale mail.
  2001 | D:2      | 2001 ||| READING 2 scrolls labelled JALELA LOFO.
  2002 | D:2      | 2002 ||| READING scroll of enchant armour.
  2002 | D:2      | 2002 ||| ENCHANTING +0 plate armour.
  2003 | D:2      | 2003 ||| DRINKING 2 murky white potions.
  2023 | D:3      | You fall into a shaft and drop 3 floors!
  2078 | D:6      | 2078 ||| Stepping ~*~*~tactically~*~*~ (stealth).
  2083 | D:6      | 2083 ||| Stepping ~*~*~tactically~*~*~ (stealth).
  2087 | D:6      | 2087 ||| Stepping ~*~*~tactically~*~*~ (hiding).
  2184 | D:5      | Entered Level 5 of the Dungeon
  2201 | D:5      | Reached skill level 6 in Axes
  2251 | D:5      | Reached XP level 7. HP: 43/43 MP: 7/7
  2379 | D:4      | Found a staircase to the Ecumenical Temple.
  2380 | D:4      | 2380 ||| PLANNING TEMPLE
  2388 | Temple   | Entered the Ecumenical Temple
  2401 | Temple   | 2401 ||| PLANNING D:1-11
  2442 | D:4      | HP: 3/43 [ogre/+0 giant club (29)]
  2443 | D:4      | 2443 ||| DRINKING potion of heal wounds.
  2760 | D:4      | Reached skill level 7 in Axes
  2793 | D:4      | 2793 ||| DROPPING ring of magical power.
  2973 | D:3      | Noticed Jessica
  2977 | D:3      | Killed Jessica
  2989 | D:3      | Found a radiant altar of Vehumet.
  2991 | D:3      | 2991 ||| Stepping ~*~*~tactically~*~*~ (stealth).
  2993 | D:3      | 2993 ||| Stepping ~*~*~tactically~*~*~ (stealth).
  2994 | D:3      | 2994 ||| Stepping ~*~*~tactically~*~*~ (stealth).
  2996 | D:3      | 2996 ||| Stepping ~*~*~tactically~*~*~ (stealth).
  3098 | D:3      | 3098 ||| DROPPING +1 flail of venom.
  3306 | D:3      | 3306 ||| READING scroll labelled OPNOQ YRETIATE.
  3307 | D:3      | 3307 ||| READING scroll labelled XODUKHL FIDOGU.
  3368 | D:3      | 3368 ||| READING scroll labelled FUPRYTUVINN.
  3369 | D:3      | 3369 ||| READING scroll labelled IXUHONESYR.
  3370 | D:3      | 3370 ||| READING scroll labelled DAOQAPLAPSO.
  3371 | D:3      | 3371 ||| READING 7 scrolls of identify.
  3371 | D:3      | 3371 ||| IDENTIFYING fuming orange potion
  3372 | D:3      | 3372 ||| READING 6 scrolls of identify.
  3372 | D:3      | 3372 ||| IDENTIFYING green potion
  3373 | D:3      | 3373 ||| DROPPING potion of ambrosia.
  3469 | D:4      | 3469 ||| Stepping ~*~*~tactically~*~*~ (stealth).
  3470 | D:4      | 3470 ||| Stepping ~*~*~tactically~*~*~ (stealth).
  3471 | D:4      | 3471 ||| Stepping ~*~*~tactically~*~*~ (stealth).
  3474 | D:4      | 3474 ||| Stepping ~*~*~tactically~*~*~ (stealth).
  3477 | D:4      | 3477 ||| Stepping ~*~*~tactically~*~*~ (stealth).
  3535 | D:4      | Found an iron altar of Okawaru.
  3542 | D:4      | Became a worshipper of Warmaster Okawaru
  3586 | D:4      | 3586 ||| FLEEEEING.
  3587 | D:4      | 3587 ||| FLEEEEING.
  3588 | D:4      | 3588 ||| FLEEEEING.
  3589 | D:4      | 3589 ||| FLEEEEING.
  3590 | D:4      | 3590 ||| FLEEEEING.
  3591 | D:4      | 3591 ||| FLEEEEING.
  3592 | D:4      | 3592 ||| FLEEEEING.
  3593 | D:4      | 3593 ||| FLEEEEING.
  3594 | D:4      | 3594 ||| FLEEEEING.
  3595 | D:4      | 3595 ||| FLEEEEING.
  3596 | D:4      | 3596 ||| FLEEEEING.
  3597 | D:4      | 3597 ||| FLEEEEING.
  3598 | D:4      | 3598 ||| FLEEEEING.
  3599 | D:4      | 3599 ||| FLEEEEING.
  3600 | D:4      | 3600 ||| FLEEEEING.
  3601 | D:4      | 3601 ||| FLEEEEING.
  3603 | D:4      | 3603 ||| FLEEEEING.
  3604 | D:4      | 3604 ||| FLEEEEING.
  3605 | D:4      | 3605 ||| STAIRDANCE
  3663 | D:4      | Reached XP level 8. HP: 48/49 MP: 8/8
  3676 | D:4      | 3676 ||| Stepping ~*~*~tactically~*~*~ (stealth).
  3677 | D:4      | 3677 ||| Stepping ~*~*~tactically~*~*~ (stealth).
  3682 | D:4      | 3682 ||| Stepping ~*~*~tactically~*~*~ (stealth).
  3683 | D:4      | 3683 ||| Stepping ~*~*~tactically~*~*~ (stealth).
  3989 | D:4      | Reached skill level 1 in Dodging
  4057 | D:4      | 4057 ||| READING scroll of brand weapon.
  4057 | D:4      | 4057 ||| BRANDING +0 war axe of freezing.
  4391 | D:4      | 4391 ||| READING scroll labelled LOSUEP ZITIUDU.
  4429 | D:5      | 4429 ||| Stepping ~*~*~tactically~*~*~ (hiding).
  4434 | D:5      | 4434 ||| FLEEEEING.
  4435 | D:5      | 4435 ||| FLEEEEING.
  4436 | D:5      | 4436 ||| STAIRDANCE
  4643 | D:5      | Reached skill level 1 in Throwing
  4791 | D:5      | 4791 ||| Stepping ~*~*~tactically~*~*~ (hiding).
  5234 | D:5      | Reached skill level 8 in Axes
  5287 | D:5      | 5287 ||| READING scroll labelled TIUMIPT BAOSTY.
  5292 | D:5      | 5292 ||| DRINKING 2 fuming silvery potions.
  5549 | D:6      | 5549 ||| Stepping ~*~*~tactically~*~*~ (hiding).
  5559 | D:6      | Reached * piety under Okawaru
  5603 | D:6      | Reached skill level 1 in Invocations
  5624 | D:6      | Reached skill level 6 in Fighting
  5653 | D:6      | Identified the +2 robe "Teullop" {Str+3 Dex+5}
  5738 | D:6      | 5738 ||| SWAPPING to +0 broad axe.
  5745 | D:6      | 5745 ||| DROPPING +0 war axe of draining.
  5900 | D:6      | 5900 ||| INVOKING Heroism.
  5901 | D:6      | 5901 ||| INVOKING Heroism.
  6002 | D:6      | Reached skill level 3 in Invocations
  6002 | D:6      | Reached XP level 9. HP: 42/55 MP: 11/11
  6139 | D:6      | 6139 ||| UPGRADING to ring of protection from cold.
  6140 | D:6      | 6140 ||| READING scroll labelled UPAIMA WIAPOA.
  6141 | D:6      | 6141 ||| READING 8 scrolls of identify.
  6141 | D:6      | 6141 ||| IDENTIFYING amethyst potion
  6206 | D:7      | Noticed a hornet
  6207 | D:7      | 6207 ||| Stepping ~*~*~tactically~*~*~ (stealth).
  6208 | D:7      | 6208 ||| Stepping ~*~*~tactically~*~*~ (stealth).
  6215 | D:7      | 6215 ||| INVOKING Heroism.
  6217 | D:7      | Killed a hornet
  6231 | D:7      | 6231 ||| Stepping ~*~*~tactically~*~*~ (stealth).
  6234 | D:7      | 6234 ||| Stepping ~*~*~tactically~*~*~ (stealth).
  6241 | D:7      | 6241 ||| FLEEEEING.
  6242 | D:7      | 6242 ||| FLEEEEING.
  6283 | D:7      | 6283 ||| FLEEEEING.
  6284 | D:7      | 6284 ||| STAIRDANCE
  6360 | D:6      | 6360 ||| READING 7 scrolls of identify.
  6360 | D:6      | 6360 ||| IDENTIFYING glowing black potion
  6363 | D:7      | 6363 ||| INVOKING Heroism.
  6381 | D:7      | 6381 ||| Stepping ~*~*~tactically~*~*~ (stealth).
  6439 | D:7      | Noticed a troll
  6440 | D:7      | 6440 ||| INVOKING Heroism.
  6449 | D:7      | Killed a troll
  6450 | D:7      | Reached skill level 9 in Axes
  6513 | D:7      | 6513 ||| Stepping ~*~*~tactically~*~*~ (stealth).
  6585 | D:7      | 6585 ||| INVOKING Heroism.
  6670 | D:7      | Reached ** piety under Okawaru
  6740 | D:7      | 6740 ||| Stepping ~*~*~tactically~*~*~ (stealth).
  6741 | D:7      | 6741 ||| Stepping ~*~*~tactically~*~*~ (stealth).
  6750 | D:7      | 6750 ||| INVOKING Heroism.
  6755 | D:7      | 6755 ||| Stepping ~*~*~tactically~*~*~ (stealth).
  6763 | D:7      | 6763 ||| Stepping ~*~*~tactically~*~*~ (stealth).
  6778 | D:7      | 6778 ||| INVOKING Heroism.
  6956 | D:7      | Found Zin's Purification Station.
  6960 | D:7      | Found a glowing silver altar of Zin.
  6963 | D:7      | 6963 ||| BUYING potion of curing (90 gold).
  6963 | D:7      | Bought a potion of curing for 90 gold pieces
  7182 | D:7      | Found Okyudat's Weapon Emporium.
  7304 | D:7      | 7304 ||| Stepping ~*~*~tactically~*~*~ (stealth).
  7306 | D:7      | 7306 ||| Stepping ~*~*~tactically~*~*~ (stealth).
  7325 | D:7      | 7325 ||| INVOKING Heroism.
  7332 | D:7      | HP: 9/57 [hell rat (10)]
  7333 | D:7      | 7333 ||| READING scroll of teleportation.
  7664 | D:7      | 7664 ||| Stepping ~*~*~tactically~*~*~ (stealth).
  7675 | D:7      | Reached XP level 10. HP: 57/63 MP: 13/13
  7678 | D:7      | 7678 ||| Stepping ~*~*~tactically~*~*~ (stealth).
  7726 | D:7      | Found the +2 ratskin cloak {*Rats rPois rN+ Str-1 Int-1
                  | Dex+1}
  7769 | D:7      | 7769 ||| UPGRADING to +2 ratskin cloak {*Rats rPois rN+
                  | Str-1 Int-1 Dex+1}.
  7774 | D:7      | 7774 ||| READING 2 scrolls labelled COC WI IRGHO.
  7775 | D:7      | 7775 ||| READING scroll labelled BEAH PEKLUACVY.
  7776 | D:7      | 7776 ||| DROPPING scroll of noise.
  7876 | D:8      | Reached skill level 6 in Armour
  7917 | D:8      | Noticed Gastronok
  7918 | D:8      | 7918 ||| Stepping ~*~*~tactically~*~*~ (hiding).
  7920 | D:8      | 7920 ||| Stepping ~*~*~tactically~*~*~ (hiding).
  7928 | D:8      | 7928 ||| INVOKING Heroism.
  7938 | D:8      | HP: 12/63 [Gastronok/the air (12)]
  7940 | D:8      | Slain by Gastronok

Levels and vault maps discovered:
D:1:      minmay_arrival_four_circles, layout_basic,
          minmay_misc_feat_four_crosses, grunt_decor_fettered
D:2:      layout_rooms, shapermc_ecumenical_altar_notcrosses, uniq_sigmund
D:3:      layout_rooms, nicolae_vehumet_altar_sigil, uniq_jessica
D:4:      layout_layer_cave, mainiacjoe_overflow_24_doors,
          minmay_temple_entry_drinking_statues
D:5:      layout_loops_ring, minmay_crystal_room, kennysheep_diamond
D:6:      layout_loops_ring, minmay_statues_item
D:7:      wander_guarded_unrand_ratskin, layout_cave_pools, zin_purify,
          serial_shops, nicolae_shop_stone
D:8:      layout_rooms, grunt_dithmenos_shadows, nicolae_overflow_hidden_temple,
          sigmund_army, uniq_gastronok
Temple:   hellmonk_temple_two_chambers

Skill      XL: |  1  2  3  4  5  6  7  8  9 10 |
---------------+-------------------------------+-----
Axes           | 2 3 5 6 7 8 9 |  9.9
Fighting       | 4 5 6 7 |  7.1
Armour         | 4 5 6 |  6.0
Dodging        | 1 |  1.2
Throwing       | 1 2 |  2.2
Invocations    | 3 4 |  4.0
Shields        | 4 |  4.2

Action                   |  1- 3 |  4- 6 |  7- 9 | 10-12 || total
-------------------------+-------+-------+-------+-------++-------
Melee: War axe           |   124 |    46 |   169 |       ||   339
       Broad axe         |       |       |   126 |    36 ||   162
Throw: Boomerang         |       |       |    58 |       ||    58
Invok: Heroism           |       |       |     8 |     1 ||     9
  Use: Scroll            |     2 |     2 |    14 |     2 ||    20
       Potion            |     1 |     1 |     2 |       ||     4
Armor: Scale mail        |    52 |     3 |       |       ||    55
       Plate armour      |       |    25 |   194 |    11 ||   230
Dodge: Dodged            |    54 |    13 |    83 |     6 ||   156
Block: Buckler           |    19 |     9 |    44 |     6 ||    78

Table legend:
 A = Non-vault XP
 B = Vault XP
 C = Vault XP percentage of total XP
 D = Non-vault monster count
 E = Vault monster count
 F = Vault count percentage of total count
                 A         B        C        D         E       F
            +---------+---------+-------+---------+---------+-------
      Total |    4175 |     873 |  17.3 |     128 |      24 |  15.8
            +---------+---------+-------+---------+---------+-------
        D:1 |      54 |       0 |   0.0 |      26 |       0 |   0.0
        D:2 |      35 |     243 |  87.4 |      18 |       1 |   5.3
        D:3 |     116 |      37 |  24.2 |       8 |       1 |  11.1
        D:4 |     475 |       0 |   0.0 |      21 |       0 |   0.0
        D:5 |     530 |     174 |  24.7 |      13 |       3 |  18.8
        D:6 |     717 |       0 |   0.0 |      19 |       0 |   0.0
        D:7 |    1898 |     419 |  18.1 |      21 |      19 |  47.5
        D:8 |     350 |       0 |   0.0 |       2 |       0 |   0.0
            +---------+---------+-------+---------+---------+-------
